[Event "Early-Titled-Tuesday-Blitz-January-30-2024"]
[Site "Chess.com"]
[Date "2024.01.30"]
[Round "1"]
[White "Boundless_Strike"]
[Black "Heinza9"]
[Result "1-0"]
[WhiteElo "2656"]
[BlackElo "2328"]
[TimeControl "180+1"]
[EndTime "8:04:53 PST"]
[Termination "Boundless_Strike won by resignation"]

1. d4 f5 2. e4 fxe4 3. Nc3 Nf6 4. Bg5 Nc6 5. d5 Ne5 6. Qd4 Nf7 7. h4 c6 8. O-O-O Qb6 9. Qd2 cxd5 10. Nxd5 Nxd5 11.
Qxd5 Qxf2 12. Nh3 Qb6 13. Bb5 Nd6 14. Ba4 e6 15. Qxe6+ 1-0

[Event "Early-Titled-Tuesday-Blitz-January-30-2024"]
[Site "Chess.com"]
[Date "2024.01.30"]
[Round "1"]
[White "GMWSO"]
[Black "winniethepooh04"]
[Result "1-0"]
[WhiteElo "3143"]
[BlackElo "2545"]
[TimeControl "180+1"]
[EndTime "8:04:54 PST"]
[Termination "GMWSO won by resignation"]

1. b3 e6 2. Bb2 Nf6 3. Nf3 d5 4. e3 Be7 5. g4 Nxg4 6. Bxg7 Rg8 7. Bb2 Bf6 8. d4 h5 9. c4 Nd7 10. Nc3 c6 11. Rg1 b6 12. e4 Bb7 13. e5 Be7 14. cxd5 cxd5 15. Qd2 Bf8 16. h3 Nh6 17.
Rxg8 Nxg8 18. Nb5 a6 19. Nd6+ Bxd6 20. exd6 Qf6 21. Be2 Nh6 22. O-O-O Rc8+ 23. Kb1 Nf5 24. Qf4 Nf8 25. Ne5 Ng6 26. d7+ Ke7 27. dxc8=Q Bxc8 28. Nxg6+ Qxg6 29. Qc7+ Bd7 30. Ba3+ Ke8 1-0

[Event "Early-Titled-Tuesday-Blitz-January-30-2024"]
[Site "Chess.com"]
[Date "2024.01.30"]
[Round "1"]
[White "AustinThomas12345"]
[Black "wadsy27"]
[Result "0-1"]
[WhiteElo "2210"]
[BlackElo "2616"]
[TimeControl "180+1"]
[EndTime "8:04:56 PST"]
[Termination "wadsy27 won by resignation"]

1. e4 e6 2. d4 d5 3. Nd2 Nf6 4. e5 Nfd7 5. c3 c5 6. f4 Nc6 7. Ndf3 cxd4 8. cxd4 f5 9. Bd3 Be7 10. Ne2 O-O 11. O-O a5 12. Bd2 a4 13. Rc1 Nb6 14.
Bc3 Bd7 15. Qe1 Nc4 16. Qf2 a3 17. b3 Nb2 18. Bb1 Nb4 19. Bxb4 Bxb4 20. Ng5 h6 21. Nf3 Bb5 22. g3 Qe7 23. Kg2 Rac8 24. Rxc8 Rxc8 25.
Rc1 Qd7 26. Qe3 Rxc1 27. Nxc1 Qc8 28. Ne1 Nd1 29. Qf3 Qxc1 30. Bxf5 Ne3+ 0-1

[Event "Early-Titled-Tuesday-Blitz-January-30-2024"]
[Site "Chess.com"]
[Date "2024.01.30"]
[Round "1"]
[White "TokChess"]
[Black "GHANDEEVAM2003"]
[Result "0-1"]
[WhiteElo "2540"]
[BlackElo "3075"]
[TimeControl "180+1"]
[EndTime "8:04:57 PST"]
[Termination "GHANDEEVAM2003 won by resignation"]

1. d4 g6 2. c3 Bg7 3. Bf4 Nc6 4. e3 e5 5. Bg3 d6 6. Nf3 e4 7. Nfd2 f5 8. c4 Nf6 9. Nc3 Nh5 10. Be2 Nxg3 11.
hxg3 h5 12. a3 Bd7 13. Qc2 Qg5 14. Nd5 Rc8 15. Nf4 Ne7 16. O-O-O c5 17. dxc5 dxc5 18. Nb1 Bc6 19. Nc3 Kf7 20. Ncd5 Rhd8 21. Nxe7 Qxe7 22. Rxd8 Rxd8 23. Rd1 Be5 24. Nd5 Bxd5 25. cxd5 Rd6 26. Bc4 Qd7 27. Qb3 Rb6 28. d6+ Kf6 29. Qc2 Rxb2 30.
Qxb2 Bxb2+ 31. Kxb2 b5 32. Bg8 c4 33. Kc3 Kg7 0-1

[Event "Early-Titled-Tuesday-Blitz-January-30-2024"]
[Site "Chess.com"]
[Date "2024.01.30"]
[Round "1"]
[White "rikchessmx"]
[Black "ozates"]
[Result "0-1"]
[WhiteElo "2322"]
[BlackElo "2647"]
[TimeControl "180+1"]
[EndTime "8:04:57 PST"]
[Termination "ozates won by checkmate"]

1. e4 c5 2. Nf3 a6 3. a4 e6 4. Nc3 Nc6 5. g3 d6 6. Bg2 g6 7.
d4 cxd4 8. Nxd4 Bg7 9. Nxc6 bxc6 10. O-O Ne7 11. Re1 O-O 12. Bf4 d5 13. Qd2 d4 14.
Nb1 e5 15. Bh6 c5 16. Na3 Be6 17. b3 Rc8 18. Bf1 a5 19. Nc4 Bxc4 20. Bxg7 Kxg7 21.
Bxc4 Qd6 22. f4 exf4 23. gxf4 f5 24. e5 Qc6 25. Qxa5 Nd5 26. Bxd5 Qxd5 27. Qd2 c4 28. b4 d3 29. cxd3 cxd3 30. Rac1 Rxc1 31. Rxc1 Qd4+ 32.
Kg2 Qe4+ 33. Kg3 g5 34. Re1 gxf4+ 35. Kh3 Qf3+ 36. Kh4 Qg4# 0-1

[Event "Early-Titled-Tuesday-Blitz-January-30-2024"]
[Site "Chess.com"]
[Date "2024.01.30"]
[Round "1"]
[White "mishanick"]
[Black "Casper"]
[Result "1-0"]
[WhiteElo "3149"]
[BlackElo "2546"]
[TimeControl "180+1"]
[EndTime "8:04:59 PST"]
[Termination "mishanick won by resignation"]

1. d4 d5 2. c4 dxc4 3. Nf3 Bg4 4. e3 e6 5. Bxc4 Nf6 6. h3 Bh5 7. g4 Bg6 8. Ne5 Nbd7 9. Nxg6 hxg6 10. Nc3 Bb4 11. Bd2 a6 12. Qf3 b5 13. Bb3 c5 14.
Rd1 cxd4 15. exd4 O-O 16. h4 e5 17. d5 e4 18. Qg3 Nc5 19. h5 Nd3+ 20. Kf1 Bd6 21.
Qg2 Qb6 22. Be3 Bc5 23. Bxc5 Qxc5 24. g5 Nxh5 25. Nxe4 Qd4 26. Qf3 Ne5 27. Qxh5 Qxf2+ 28. Kxf2 gxh5 29. Rxh5 1-0

[Event "Early-Titled-Tuesday-Blitz-January-30-2024"]
[Site "Chess.com"]
[Date "2024.01.30"]
[Round "1"]
[White "yosephtaher"]
[Black "EvilMorty23"]
[Result "1-0"]
[WhiteElo "2927"]
[BlackElo "2507"]
[TimeControl "180+1"]
[EndTime "8:05:00 PST"]
[Termination "yosephtaher won by checkmate"]

1. d4 Nf6 2. Nc3 e6 3. e4 d5 4.
e5 Nfd7 5. f4 c5 6. Nce2 Nc6 7.
Nf3 cxd4 8. Nexd4 Bc5 9. c3 Qb6 10. Rb1 g5 11. Be3 gxf4 12. Bxf4 Ndxe5 13. Bxe5 Nxe5 14. Nxe5 Rg8 15. Qh5 Rg7 16. Qh6 Kf8 17. Qf6 Be7 18. Qf2 f6 19. Be2 Kg8 20. Ng4 e5 21. Nh6+ Kf8 22.
Ndf5 Bc5 23. Qf3 Rg5 24. h4 e4 25. Qh3 Bf2+ 26. Kf1 Rg3 27. Qh2 Qc7 28. Kxf2 Qf4+ 29.
Ke1 e3 30. Qxg3 Qe4 31. Qg8# 1-0

[Event "Early-Titled-Tuesday-Blitz-January-30-2024"]
[Site "Chess.com"]
[Date "2024.01.30"]
[Round "1"]
[White "Horokoskii"]
[Black "Let_it_be_1"]
[Result "0-1"]
[WhiteElo "2143"]
[BlackElo "2575"]
[TimeControl "180+1"]
[EndTime "8:05:00 PST"]
[Termination "Let_it_be_1 won by resignation"]

1. c4 e6 2. e4 d5 3. exd5 exd5 4. d4 Nf6 5. Nc3 Be7 6. Nf3 O-O 7. h3 Re8 8. Be3 Nbd7 9. cxd5 Nb6 10. Bd3 Nfxd5 11. O-O Bf6 12. Rc1 c6 13. Re1 Nxe3 14. fxe3 Be6 15. Bb1 g6 16. Ne4 Bg7 17. Rf1 Nd5 18.
Nfg5 Nxe3 19. Qf3 Nxf1 20. Rxf1 Bd5 21. Nxf7 Qe7 22. Ne5 Rf8 23. Qg3 Rxf1+ 24. Kxf1 Rf8+ 25. Kg1 Qb4 26. Nc3 Qxd4+ 27. Qe3 Qxe3+ 0-1

[Event "Early-Titled-Tuesday-Blitz-January-30-2024"]
[Site "Chess.com"]
[Date "2024.01.30"]
[Round "1"]
[White "WindWhistler11"]
[Black "kleinebeer98"]
[Result "0-1"]
[WhiteElo "2474"]
[BlackElo "2854"]
[TimeControl "180+1"]
[EndTime "8:05:03 PST"]
[Termination "kleinebeer98 won by resignation"]

1. Nf3 Nc6 2. c4 e5 3. Nc3 f5 4. d4 e4 5. Ng5 Bb4 6. h4 Nf6 7. Bf4 d5 8. e3 h6 9. Nh3 Be6 10. c5 O-O 11. Qb3 a5 12. a3 a4 13. Qc2 Ba5 14.
Bb5 Ng4 15. Bg3 Qe8 16. Nf4 Bf7 17. h5 Nxd4 18. Bxe8 Nxc2+ 19. Kd2 Nxa1 20. Bxf7+ Kxf7 21. Rxa1 Rfd8 22. Kc2 d4 23. exd4 Rxd4 24. Nfd5 Rd8 25. Nxc7 Rd2+ 26. Kb1 Bxc3 27. bxc3 e3 28. fxe3 Rd1+ 0-1

[Event "Early-Titled-Tuesday-Blitz-January-30-2024"]
[Site "Chess.com"]
[Date "2024.01.30"]
[Round "1"]
[White "AlexeiShirov"]
[Black "maciejbrzeski128"]
[Result "1-0"]
[WhiteElo "2762"]
[BlackElo "2415"]
[TimeControl "180+1"]
[EndTime "8:05:03 PST"]
[Termination "AlexeiShirov won by resignation"]

1. d4 Nf6 2. c4 c5 3. Nf3 cxd4 4. Nxd4 e5 5. Nb5 d5 6. cxd5 Bc5 7. e3 O-O 8. Be2 Nxd5 9. O-O Nc6 10. N1c3 Ndb4 11. a3 Qxd1 12. Rxd1 Nc2 13. Ra2 Be6 14. Nd5 Rfd8 15.
Nbc7 Rac8 16. Nxe6 fxe6 17. Nc3 Na5 18. Rxd8+ Rxd8 19. b4 Nxb4 20. axb4 Bxb4 21. Ne4 Nb3 22. Bb2 Rc8 23.
Bd1 Nc1 24. Rxa7 1-0

[Event "Early-Titled-Tuesday-Blitz-January-30-2024"]
[Site "Chess.com"]
[Date "2024.01.30"]
[Round "1"]
[White "N18player"]
[Black "LevonAronian"]
[Result "0-1"]
[WhiteElo "2544"]
[BlackElo "3108"]
[TimeControl "180+1"]
[EndTime "8:05:04 PST"]
[Termination "LevonAronian won by resignation"]

1. c4 e5 2. d3 c6 3. Nf3 Nf6 4. g3 Be7 5. Bg2 O-O 6. O-O d6 7. Nc3 Be6 8. h3 h6 9. Rb1 Nbd7 10. b4 d5 11. b5 d4 12. bxc6 bxc6 13. Na4 Qa5 14. Bd2 Qa6 15. Qc2 Rab8 16. e3 c5 17. exd4 cxd4 18. Rfe1 Bd6 19. c5 Rfc8 20. Rxb8 Bxb8 21.
Rb1 Bd5 22. Rb4 Bd6 23. Qb2 Nxc5 24. Nxc5 Rxc5 25. Nh4 Qxd3 26. Bxd5 Nxd5 27. Rb7 Rc2 28. Rb8+ Kh7 0-1

[Event "Early-Titled-Tuesday-Blitz-January-30-2024"]
[Site "Chess.com"]
[Date "2024.01.30"]
[Round "1"]
[White "frequentblunders"]
[Black "YoreDea"]
[Result "0-1"]
[WhiteElo "2131"]
[BlackElo "2571"]
[TimeControl "180+1"]
[EndTime "8:05:06 PST"]
[Termination "YoreDea won by resignation"]

1. d3 d5 2. f4 e5 3. Nf3 e4 4.
dxe4 dxe4 5. Qxd8+ Kxd8 6. Ng5 Nh6 7. Nxe4 Bf5 8. Nbc3 Bb4 9. Bd2 Bxc3 10. Nxc3 Bxc2 11. e4 f5 12. e5 Nc6 13. Rc1 Be4 14. Nxe4 fxe4 15.
Bc4 Ke7 16. O-O Rad8 17. Be3 Nf5 18. Bc5+ Ke8 19. g4 Nfd4 20. Rfd1 b6 21. Ba3 b5 22. Bxb5 Nxb5 23. Rxd8+ Nxd8 24. Re1 Nxa3 25. bxa3 Ne6 26. Rxe4 Kd7 27. Ra4 Rb8 28. f5 Ng5 29. Rxa7 Nf3+ 30. Kf2 Nxe5 31. Kg3 Rb2 32. g5 Rxa2 33. h4 Nc4 34. a4 Nd6 35. Kg4 Rg2+ 36. Kh3 Rf2 37. g6 h5 38. Ra5 Rxf5 39. Rxf5 Nxf5 40. Kg2 Nxh4+ 41. Kg3 Nxg6 0-1

[Event "Early-Titled-Tuesday-Blitz-January-30-2024"]
[Site "Chess.com"]
[Date "2024.01.30"]
[Round "1"]
[White "akinov-akinseye"]
[Black "Tunahan_Makaraci"]
[Result "0-1"]
[WhiteElo "1904"]
[BlackElo "2554"]
[TimeControl "180+1"]
[EndTime "8:05:08 PST"]
[Termination "Tunahan_Makaraci won by resignation"]

1. e4 c5 2. Nc3 Nc6 3. Nf3 g6 4. g3 Bg7 5. Bg2 d6 6. O-O Nf6 7. d3 O-O 8. Be3 Rb8 9. Qd2 b5 10. a3 Bg4 11. h3 Bxf3 12. Bxf3 Nd7 13. Rab1 Nd4 14. Bg2 a5 15. Ne2 Nxe2+ 16. Qxe2 b4 17. axb4 axb4 18. Qd2 Qc7 19. Bh6 c4 20. Bxg7 Kxg7 21.
dxc4 Qxc4 22. Qd3 Rfc8 23. Rfc1 Ne5 24. Qxc4 Rxc4 25. f4 Nd7 26. Kf2 Rbc8 27. c3 bxc3 28. bxc3 Kf6 29. Rb7 Nc5 30. Rb4 Nd3+ 0-1

[Event "Early-Titled-Tuesday-Blitz-January-30-2024"]
[Site "Chess.com"]
[Date "2024.01.30"]
[Round "1"]
[White "Roman_Ovetchkin"]
[Black "kidagent"]
[Result "1-0"]
[WhiteElo "2639"]
[BlackElo "2311"]
[TimeControl "180+1"]
[EndTime "8:05:09 PST"]
[Termination "Roman_Ovetchkin won by resignation"]

1. d4 d5 2. c4 c6 3. Nf3 Nf6 4.
Qc2 e6 5. Nbd2 Nbd7 6. g3 Be7 7. Bg2 O-O 8. O-O dxc4 9. Nxc4 c5 10. Rd1 cxd4 11. Nxd4 a6 12. Bf4 Nd5 13. Bd2 Bf6 14. Be1 b5 15. Nc6 Qc7 16. N4a5 N7b6 17. e4 Ne7 18. Bb4 Bb7 19. Nxe7+ 1-0

[Event "Early-Titled-Tuesday-Blitz-January-30-2024"]
[Site "Chess.com"]
[Date "2024.01.30"]
[Round "1"]
[White "elgrona"]
[Black "aghasiyevkamal"]
[Result "1-0"]
[WhiteElo "2288"]
[BlackElo "2586"]
[TimeControl "180+1"]
[EndTime "8:05:09 PST"]
[Termination "elgrona won by resignation"]

1. Nf3 d5 2. b3 Nf6 3. Bb2 e6 4. e3 Be7 5. c4 O-O 6. d4 dxc4 7. bxc4 c5 8. Nbd2 Nc6 9. Be2 b6 10. O-O Bb7 11. Rc1 Rc8 12. h3 Qc7 13. Qc2 h6 14.
Rfd1 Rfd8 15. Nb3 cxd4 16. exd4 Qb8 17. d5 exd5 18. cxd5 Nb4 19. Qf5 Rxc1 20. Nxc1 Rxd5 21. Rxd5 Nbxd5 22. Ne5 Qc7 23. Bh5 Nxh5 24. Qxf7+ Kh8 25.
Qxh5 Nf6 26. Qf7 Bd6 27. Ng6+ Kh7 28. Nf8+ Bxf8 29. Qxc7 1-0

[Event "Early-Titled-Tuesday-Blitz-January-30-2024"]
[Site "Chess.com"]
[Date "2024.01.30"]
[Round "1"]
[White "Snegokhod"]
[Black "UnTucopalaTimba"]
[Result "1-0"]
[WhiteElo "2554"]
[BlackElo "1921"]
[TimeControl "180+1"]
[EndTime "8:05:10 PST"]
[Termination "Snegokhod won by resignation"]

1. e4 c6 2. d3 d5 3. Nd2 g6 4. Ngf3 Bg7 5. d4 dxe4 6. Nxe4 Nf6 7. Nxf6+ Bxf6 8. Bh6 Bf5 9. c3 Nd7 10. Qd2 Qb6 11. Bc4 Qc7 12. O-O b5 13. Bb3 a5 14.
a4 Nb6 15. axb5 cxb5 16. Rfe1 Nc4 17. Qe2 Be6 18. Ng5 Bxg5 19. Bxg5 O-O 20. Bc2 Rfe8 21.
Bd3 b4 22. h4 bxc3 23. bxc3 Kg7 24. h5 h6 25. Bh4 Qf4 26. Bg3 Qd2 27. Bxc4 Qxe2 28. Bxe2 Rec8 29. hxg6 Rxc3 30. d5 Bxd5 31. Be5+ 1-0

[Event "Early-Titled-Tuesday-Blitz-January-30-2024"]
[Site "Chess.com"]
[Date "2024.01.30"]
[Round "1"]
[White "CristianS27"]
[Black "SmirnovTimofey2000"]
[Result "1-0"]
[WhiteElo "2558"]
[BlackElo "1945"]
[TimeControl "180+1"]
[EndTime "8:05:11 PST"]
[Termination "CristianS27 won by resignation"]

1. e4 e5 2. Nf3 Nf6 3. Nxe5 d6 4. Nf3 Nxe4 5. d4 d5 6. Bd3 Nc6 7.
O-O Be7 8. Re1 Bg4 9. c4 Nf6 10.
cxd5 Nxd5 11. Nc3 O-O 12. h3 Bh5 13. Bxh7+ Kxh7 14. Ng5+ Bxg5 15. Qxh5+ Bh6 16. Bxh6 Nf6 17. Qf5+ g6 18. Qf4 Nh5 19. Qd2 Re8 20. Rxe8 Qxe8 21. Re1 Qd7 22. d5 Ne7 23. Bg5 Re8 24. Qe3 Nxd5 25. Qxe8 1-0

[Event "Early-Titled-Tuesday-Blitz-January-30-2024"]
[Site "Chess.com"]
[Date "2024.01.30"]
[Round "1"]
[White "kekic76"]
[Black "Timerkhanov"]
[Result "0-1"]
[WhiteElo "2347"]
[BlackElo "2667"]
[TimeControl "180+1"]
[EndTime "8:05:12 PST"]
[Termination "Timerkhanov won on time"]

1. c4 c6 2. Nc3 d5 3. cxd5 cxd5 4. d4 Nc6 5. Bf4 e5 6. dxe5 d4 7. Ne4 Qa5+ 8. Nd2 Nge7 9. Nf3 Ng6 10. Bg3 h5 11. h4 Bg4 12. a3 Ngxe5 13. Nxe5 Nxe5 14. b4 Qd5 15. Qb3 Qxb3 16. Nxb3 f6 17. Nxd4 a5 18.
b5 Nc4 19. a4 Bb4+ 20. Kd1 Rd8 21. Kc2 Rxd4 22. e3 Rd2+ 23. Kc1 Ne5 24. Rb1 Ra2 25.
Bxe5 fxe5 26. Bc4 Ba3+ 0-1

[Event "Early-Titled-Tuesday-Blitz-January-30-2024"]
[Site "Chess.com"]
[Date "2024.01.30"]
[Round "1"]
[White "HelvertHernandez"]
[Black "chess123456s"]
[Result "0-1"]
[WhiteElo "1869"]
[BlackElo "2552"]
[TimeControl "180+1"]
[EndTime "8:05:13 PST"]
[Termination "chess123456s won by resignation"]

1. e4 e5 2. Nf3 Nc6 3. d4 exd4 4.
Nxd4 Nf6 5. Nc3 Bb4 6. Nxc6 bxc6 7. Bd3 d5 8. exd5 O-O 9. O-O cxd5 10. Bg5 Be6 11.
Qf3 Be7 12. Rad1 Rb8 13. b3 h6 14. Bh4 Rb4 15. Bxf6 Bxf6 16. Ne2 Bg4 17. Qg3 Bh4 18. Qe3 Re8 19. Qd2 Rb6 20. f3 Be6 21. Nd4 Bf6 22. Nxe6 Rbxe6 23. Rfe1 Bd4+ 24. Kf1 Be3 25.
Qa5 Qh4 26. Re2 Qxh2 27. Rxe3 Rxe3 28. Kf2 Qh4+ 29. Kf1 c6 30. Qc3 Qh1+ 31. Kf2 Qxd1 0-1

[Event "Early-Titled-Tuesday-Blitz-January-30-2024"]
[Site "Chess.com"]
[Date "2024.01.30"]
[Round "1"]
[White "wannabe2700"]
[Black "Akylbek2021"]
[Result "1-0"]
[WhiteElo "2615"]
[BlackElo "2267"]
[TimeControl "180+1"]
[EndTime "8:05:18 PST"]
[Termination "wannabe2700 won by resignation"]

1. b3 Nf6 2. Bb2 d5 3. Nf3 Bf5 4. g3 e6 5. Bg2 h6 6. O-O Nbd7 7. d3 Be7 8. Nbd2 O-O 9. Re1 Bg6 10. e4 dxe4 11.
dxe4 a5 12. a3 Nc5 13. Ne5 Bh7 14. Qe2 c6 15. Rad1 Qc7 16. Ng4 Nxg4 17. Qxg4 e5 18. Nc4 f6 19. b4 axb4 20. axb4 Na4 21. Rd7 Qc8 22. Qe6+ Rf7 23. Nd6 Qxd7 24. Qxd7 Bxd6 25. Qxd6 Nxb2 26. Bh3 Nc4 27. Qc5 Nd2 28. Qe3 Nc4 29. Qd3 1-0

[Event "Early-Titled-Tuesday-Blitz-January-30-2024"]
[Site "Chess.com"]
[Date "2024.01.30"]
[Round "1"]
[White "larsmandreassen"]
[Black "DefiantChair"]
[Result "0-1"]
[WhiteElo "2225"]
[BlackElo "2596"]
[TimeControl "180+1"]
[EndTime "8:05:21 PST"]
[Termination "DefiantChair won by resignation"]

1. d4 Nf6 2. Nf3 d5 3. Bg5 Ne4 4. Bh4 c5 5. c3 Nc6 6. e3 Qb6 7.
Qb3 c4 8. Qxb6 axb6 9. Nbd2 Nxd2 10. Nxd2 b5 11. e4 e6 12. Be2 b4 13. exd5 exd5 14.
O-O Be6 15. Bf3 b5 16. Rfe1 Kd7 17. Nf1 bxc3 18. bxc3 b4 19. Ne3 Ra5 20. cxb4 Nxb4 21. Reb1 Bd6 22. a3 Nc2 23. Nxc2 Rha8 24. Bg3 Be7 25.
Rb7+ Ke8 26. Nb4 Rxa3 27. Rxa3 Rxa3 28. h3 Rb3 29. Rb8+ Kd7 30. Nxd5 Rxf3 31. gxf3 Bxd5 32.
Rb7+ Bxb7 0-1

[Event "Early-Titled-Tuesday-Blitz-January-30-2024"]
[Site "Chess.com"]
[Date "2024.01.30"]
[Round "1"]
[White "Pastore1978"]
[Black "nindjaxx8"]
[Result "0-1"]
[WhiteElo "2287"]
[BlackElo "2626"]
[TimeControl "180+1"]
[EndTime "8:05:22 PST"]
[Termination "nindjaxx8 won by resignation"]

1. e4 e6 2. d4 d5 3. exd5 exd5 4.
Qf3 Nf6 5. h3 Bd6 6. Bd3 O-O 7.
Ne2 Be6 8. O-O Nbd7 9. Bf4 Bxf4 10. Nxf4 Re8 11. Nd2 c6 12. c3 Qb6 13. b3 Nf8 14. Rfe1 Re7 15. Re2 Rae8 16. Rae1 Qa5 17. c4 Qb6 18. c5 Qb4 19. Nxe6 Nxe6 20. g4 Nxd4 21. Qg3 Nxe2+ 22. Rxe2 Rxe2 23. Bxe2 Qxd2 0-1

[Event "Early-Titled-Tuesday-Blitz-January-30-2024"]
[Site "Chess.com"]
[Date "2024.01.30"]
[Round "1"]
[White "ljuks68"]
[Black "maciek_92"]
[Result "0-1"]
[WhiteElo "2449"]
[BlackElo "2802"]
[TimeControl "180+1"]
[EndTime "8:05:27 PST"]
[Termination "maciek_92 won by resignation"]

1. e4 c5 2. Nf3 d6 3. d4 cxd4 4.
Nxd4 Nf6 5. Nc3 a6 6. Bg5 Nbd7 7.
f4 g6 8. Qe2 Qc7 9. O-O-O Bg7 10.
Nd5 Nxd5 11. exd5 Nf6 12. Nf3 O-O 13. Qc4 Qb6 14. Qb3 Qa5 15. Be2 Bf5 16. Bd3 Bg4 17. Rhe1 Rfe8 18. Be2 Rac8 19. h3 Bd7 20. Kb1 Ba4 0-1

[Event "Early-Titled-Tuesday-Blitz-January-30-2024"]
[Site "Chess.com"]
[Date "2024.01.30"]
[Round "1"]
[White "Arlo2024"]
[Black "Suleyman_Chess06"]
[Result "0-1"]
[WhiteElo "2301"]
[BlackElo "2629"]
[TimeControl "180+1"]
[EndTime "8:05:27 PST"]
[Termination "Suleyman_Chess06 won by resignation"]

1. e4 e6 2. d4 d5 3. Nd2 Nf6 4. e5 Nfd7 5. Bd3 c5 6. c3 Nc6 7. Ne2 cxd4 8. cxd4 f6 9. Nf4 Nxd4 10. Qh5+ Ke7 11. exf6+ Nxf6 12. Ng6+ hxg6 13. Qxh8 Kf7 14. O-O e5 15. Nb3 Bf5 16. Bxf5 Nxf5 17. Qh3 Bd6 18. Bg5 Qb6 19. Rac1 e4 20. Rfd1 Rd8 21. Bxf6 gxf6 22. Qh7+ Ng7 23. Qh3 Be5 24. Qe3 Qxe3 25. fxe3 Nf5 26.
Kf2 Bxh2 27. Nd4 Nxd4 28. Rxd4 Be5 29. Rd2 Ke6 30. Rh1 Rd7 31. Rh6 Kf5 32. Rh8 Ke6 33. Rh6 d4 34. exd4 Bf4 35. d5+ Kf5 36. Rh7 Rxh7 0-1

[Event "Early-Titled-Tuesday-Blitz-January-30-2024"]
[Site "Chess.com"]
[Date "2024.01.30"]
[Round "1"]
[White "HATilay"]
[Black "deepfear"]
[Result "1-0"]
[WhiteElo "2557"]
[BlackElo "1939"]
[TimeControl "180+1"]
[EndTime "8:05:27 PST"]
[Termination "HATilay won on time"]

1. d4 Nf6 2. Nf3 g6 3. e3 Bg7 4. c3 O-O 5. Nbd2 d6 6. Be2 Nc6 7. O-O e5 8. b4 e4 9. Ne1 d5 10. b5 Ne7 11. c4 c6 12. Ba3 Re8 13. Qa4 Bd7 14. bxc6 Bxc6 15. Qb3 h5 16. Nc2 h4 17. Nb4 Qd7 18. Nxc6 bxc6 19. cxd5 Nexd5 20. Nc4 Reb8 21.
Qc2 h3 22. g3 Ng4 23. Qxe4 f5 24. Qc2 1-0

[Event "Early-Titled-Tuesday-Blitz-January-30-2024"]
[Site "Chess.com"]
[Date "2024.01.30"]
[Round "1"]
[White "SharapovEvgeny"]
[Black "Msb2"]
[Result "0-1"]
[WhiteElo "2533"]
[BlackElo "3028"]
[TimeControl "180+1"]
[EndTime "8:05:32 PST"]
[Termination "Msb2 won by resignation"]

1. e4 e6 2. d4 d5 3. exd5 exd5 4. Nf3 Nc6 5. Bd3 Nb4 6. O-O Nxd3 7. Qxd3 Bd6 8. Re1+ Ne7 9. Ne5 O-O 10. Nc3 c6 11.
Ne2 f6 12. Nf3 Bf5 13. Qc3 Qd7 14. Bf4 Rfe8 15. Bxd6 Qxd6 16. Ng3 Bd7 17. Re3 Nf5 18. Nxf5 Bxf5 19. Rae1 Rxe3 20. Rxe3 Qd7 21. Qc5 b6 22. Qe7 Qxe7 23. Rxe7 Bxc2 24. Rc7 Bd1 25. Rxc6 Re8 26.
Rc7 Re2 27. Rc1 Ba4 28. b3 Bd7 29. Rc7 Rxa2 30. h3 Bf5 31. Nh4 Be4 32. f3 Bd3 33. g4 g5 34. Nf5 Bxf5 35. gxf5 Ra3 36. Kg2 a5 37. Rd7 Rxb3 38. Rxd5 a4 39. Rd7 b5 40. d5 Rd3 41. d6 a3 42. Ra7 b4 43. d7 Kf8 44. Kf2 Ke7 45. Ra4 Rb3 46. Ra7 Rb2+ 47. Ke3 a2 48. Kd4 b3 0-1

[Event "Early-Titled-Tuesday-Blitz-January-30-2024"]
[Site "Chess.com"]
[Date "2024.01.30"]
[Round "1"]
[White "sokidze"]
[Black "Flaccidmoves"]
[Result "1-0"]
[WhiteElo "2849"]
[BlackElo "2471"]
[TimeControl "180+1"]
[EndTime "8:05:32 PST"]
[Termination "sokidze won by checkmate"]

1. e4 g6 2. d4 Bg7 3. Nc3 d6 4. g3 e5 5. dxe5 dxe5 6. Qxd8+ Kxd8 7. Bc4 f6 8. Be3 c6 9. O-O-O+ Kc7 10. f4 Nd7 11.
Nf3 Ne7 12. fxe5 Nxe5 13. Nxe5 fxe5 14. Bc5 Re8 15. Bd6+ Kb6 16. Na4+ Ka5 17. Nc5 b5 18. Bf7 Bg4 19. Bc7+ Kb4 20. Na6+ Ka4 21. Bb3# 1-0

[Event "Early-Titled-Tuesday-Blitz-January-30-2024"]
[Site "Chess.com"]
[Date "2024.01.30"]
[Round "1"]
[White "LiadCuba"]
[Black "GMRAVEN_ON_YOUTUBE"]
[Result "0-1"]
[WhiteElo "2423"]
[BlackElo "2768"]
[TimeControl "180+1"]
[EndTime "8:05:32 PST"]
[Termination "GMRAVEN_ON_YOUTUBE won by resignation"]

1. d4 f5 2. c4 Nf6 3. Nc3 g6 4. e3 Bg7 5. Bd3 O-O 6. Nge2 d6 7. Qc2 e5 8. dxe5 dxe5 9. e4 f4 10. f3 Na6 11. a3 Nc5 12. Nd5 c6 13. Nxf6+ Rxf6 14. O-O Qxd3 15. Qxd3 Nxd3 16. Bd2 Bf8 17. b4 a5 18. c5 b6 19. cxb6 a4 20. Bc3 c5 21.
Rfd1 Ba6 22. b5 Bxb5 23. Rab1 Ba6 24. Ba5 c4 25. Nc3 Bc5+ 26. Kf1 Rb8 27. Nxa4 Bd4 28. Rd2 c3 29. Bxc3 Nc5+ 30. Ke1 Nxa4 31. Bxd4 exd4 32.
Rxd4 Rfxb6 33. Rxb6 Nxb6 0-1

[Event "Early-Titled-Tuesday-Blitz-January-30-2024"]
[Site "Chess.com"]
[Date "2024.01.30"]
[Round "1"]
[White "Yushko_Olga"]
[Black "nickmatta"]
[Result "0-1"]
[WhiteElo "2149"]
[BlackElo "2577"]
[TimeControl "180+1"]
[EndTime "8:05:35 PST"]
[Termination "nickmatta won by resignation"]

1. d4 d6 2. c4 e5 3. Nf3 e4 4.
Nfd2 f5 5. e3 Nf6 6. Nc3 Be7 7. f3 exf3 8. Qxf3 O-O 9. Bd3 Nc6 10.
Bxf5 Nb4 11. Bb1 Bg4 12. Qg3 d5 13. O-O Bd6 14. Qh4 Qe7 15. Nf3 dxc4 16. a3 Nd3 17. e4 Nxc1 18. Rxc1 Bf4 19. Rf1 Be3+ 20. Kh1 Bxf3 21. Rxf3 Bxd4 22. Nd5 Nxd5 23. Qh3 Rxf3 24. gxf3 Nf4 0-1

[Event "Early-Titled-Tuesday-Blitz-January-30-2024"]
[Site "Chess.com"]
[Date "2024.01.30"]
[Round "1"]
[White "dropstoneDP"]
[Black "thesupera12"]
[Result "1-0"]
[WhiteElo "3058"]
[BlackElo "2536"]
[TimeControl "180+1"]
[EndTime "8:05:36 PST"]
[Termination "dropstoneDP won by resignation"]

1. e4 d5 2. exd5 Qxd5 3. Nc3 Qa5 4. d4 Nf6 5. Bd2 Bg4 6. f3 Bh5 7. Bc4 c6 8. Nd5 Qd8 9. Nxf6+ gxf6 10. Ne2 Nd7 11. Nf4 Bg6 12. Bb3 e5 13. Qe2 Qe7 14. Nxg6 hxg6 15. dxe5 Qxe5 16. Qxe5+ Nxe5 17. O-O-O O-O-O 18. h3 Rh7 19. f4 Nd7 20. Ba5 b6 21. Bc3 f5 22. Rhe1 Nc5 23. Bf6 Nxb3+ 24. axb3 Rxd1+ 25. Rxd1 Bc5 26. Rd8+ Kc7 27. Kd2 Bd6 28. Ke3 g5 29. fxg5 Rh4 30. Ra8 Re4+ 31. Kd3 Kb7 32. Rg8 Re1 33.
Rg7 Rg1 34. Rxf7+ Ka6 35. g6 Rxg2 36. g7 f4 37. Rf8 f3 38. g8=Q Rxg8 39. Rxg8 f2 40. Ke2 1-0

[Event "Early-Titled-Tuesday-Blitz-January-30-2024"]
[Site "Chess.com"]
[Date "2024.01.30"]
[Round "1"]
[White "Elprofessor21"]
[Black "ilushka"]
[Result "1-0"]
[WhiteElo "2666"]
[BlackElo "2342"]
[TimeControl "180+1"]
[EndTime "8:05:37 PST"]
[Termination "Elprofessor21 won on time"]

1. c4 c5 2. Nc3 g6 3. d3 Bg7 4. h4 h6 5. g3 Nc6 6. Bg2 b6 7. Nf3 Bb7 8. O-O d6 9. Qd2 Qd7 10. b3 Nd4 11. Nxd4 cxd4 12. Nd5 e6 13. Nf4 Ne7 14. Ba3 Nf5 15. Rae1 g5 16. Nh5 gxh4 17. g4 Bxg2 18. Kxg2 Qc6+ 19. Kh3 Be5 20. gxf5 Rg8 21.
Rg1 Ke7 22. f4 Bh8 23. f6+ Bxf6 24. Nxf6 Kxf6 25. Bb2 e5 26. fxe5+ dxe5 27. Qxh6+ 1-0